[Event "8th Amsterdam Summer Open-B 2018"]
[Site "Amsterdam"]
[Date "2018.07.09"]
[Round "3"]
[White "De Ruiter, Tom"]
[Black "Yalcin, Bilal"]
[Result "1/2-1/2"]
[ECO "B10"]
[WhiteElo "2032"]
[BlackElo "1770"]
[Annotator "NA"]
[PlyCount "42"]
[EventDate "2018.07.07"]
[EventType "swiss"]
[EventCountry "NED"]
[SourceTitle "playchess.com"]
[Source "ChessBase"]
[SourceQuality "1"]
[TimeControl "40/5400+30:1800+30"]

1. e4 c6 2. d3 d5 3. Nd2 e5 4. Ngf3 Bd6 5. g3 Nf6 6. Bg2 O-O 7. O-O Re8 8. Re1 Nbd7 9. b3 a5 10. a4 Bb4 11. Bb2 d4 12. Rf1 Qe7 13. Nh4 Nb6 14. h3 g5 15. Nf5 Bxf5 16. exf5 Nbd5 17. Ne4 Nxe4 18. Bxe4 Nc3 19. Bxc3 Bxc3 20. Rb1 f6 21. Kg2 Kh8 1/2-1/2

[Event "8th Amsterdam Summer Open-B 2018"]
[Site "Amsterdam"]
[Date "2018.07.09"]
[Round "3"]
[White "Van `t Schip, Richard"]
[Black "Klaren, Duncan"]
[Result "1-0"]
[ECO "B52"]
[WhiteElo "1997"]
[BlackElo "1843"]
[Annotator "NA"]
[PlyCount "81"]
[EventDate "2018.07.07"]
[EventType "swiss"]
[EventCountry "NED"]
[SourceTitle "playchess.com"]
[Source "ChessBase"]
[SourceQuality "1"]
[TimeControl "40/5400+30:1800+30"]

1. e4 c5 2. Nf3 d6 3. Bb5+ Bd7 4. Bxd7+ Nxd7 5. O-O Ngf6 6. Qe2 Rc8 7. c3 {[%emt 0:03:14] B52: Sizilianisch (Rossolimo-Variante)} Qc7 (7... e6 8. d4 cxd4 9. cxd4 d5 10. e5 Ne4 11. Be3 Nb6 12. Ne1 f5 13. f3 Ng5 14. b3 Nf7 {½-½ (30) Mamedov,R (2680)-Ivanchuk,V (2729) Kocaeli 2017}) 8. d4 cxd4 9. cxd4 Qc4 10. Qxc4 $146 ({Vorgänger:} 10. Qe3 g6 11. Bd2 Qa6 12. Nc3 Bg7 13. h3 O-O 14. e5 dxe5 15. dxe5 {½-½ (59) Bacallao Alonso,Y (2554)-Ortiz Suarez,I (2578) Varadero 2016}) 10... Rxc4 11. Na3 Rc8 12. Re1 e6 13. Nb5 a6 14. Nc3 Nb6 15. Bg5 Be7 16. Rad1 d5 17. Bxf6 Bxf6 18. exd5 O-O 19. dxe6 fxe6 20. Rxe6 Nc4 21. Nd5 Nxb2 22. Rb1 Nd3 23. Re3 Rc1+ 24. Rxc1 Nxc1 25. Kf1 Rd8 26. Nxf6+ gxf6 27. a3 Kf7 28. Rc3 Na2 29. Rc2 b5 30. Rxa2 Rc8 31. Ke2 Ke6 32. Kd2 Kd5 $18 33. Rc2 Rg8 34. g3 Ke4 35. Ke2 Re8 36. Rc7 h6 37. Rd7 Re6 38. Nd2+ Kf5+ 39. Kd3 Re1 40. Rd6 a5 41. Rd5+ {[%emt 0:30:36] Ke4+ Kxe4} 1-0

[Event "8th Amsterdam Summer Open-B 2018"]
[Site "Amsterdam"]
[Date "2018.07.09"]
[Round "3"]
[White "Cheng, Ngo Hin"]
[Black "Veenstra, Frits"]
[Result "*"]
[ECO "B01"]
[WhiteElo "1986"]
[BlackElo "1837"]
[Annotator "NA"]
[PlyCount "55"]
[EventDate "2018.07.07"]
[EventType "swiss"]
[EventCountry "NED"]
[SourceTitle "playchess.com"]
[Source "ChessBase"]
[SourceQuality "1"]
[TimeControl "40/5400+30:1800+30"]

1. e4 d5 2. exd5 Nf6 3. Nf3 Bg4 4. Bb5+ Nbd7 5. h3 Bh5 6. c4 {[%emt 0:01:08] LiveBook: 4 Games} a6 7. Bxd7+ Qxd7 8. d4 e6 9. Nc3 exd5 10. Qe2+ Be7 11. g4 Bg6 12. Ne5 Qe6 13. f4 Be4 $16 14. O-O g6 15. b3 c6 16. Bb2 O-O-O 17. Qe3 Rhe8 18. c5 Bxc5 19. Nxe4 Nxe4 20. dxc5 f6 21. Nf3 Qf7 22. Qd4 Ng3 23. Qxf6 Qc7 24. Be5 Qa5 25. Rfe1 Qxc5+ 26. Nd4 Ne4 27. Rac1 Qa7 28. Rxc6+ *

[Event "8th Amsterdam Summer Open-B 2018"]
[Site "Amsterdam"]
[Date "2018.07.09"]
[Round "3"]
[White "Markus, John Raymond"]
[Black "Laan, David"]
[Result "0-1"]
[ECO "A47"]
[WhiteElo "1980"]
[BlackElo "1872"]
[Annotator "NA"]
[PlyCount "64"]
[EventDate "2018.07.07"]
[EventType "swiss"]
[EventCountry "NED"]
[SourceTitle "playchess.com"]
[Source "ChessBase"]
[SourceQuality "1"]
[TimeControl "40/5400+30:1800+30"]

1. d4 Nf6 2. Nf3 e6 3. Bg5 Be7 4. Nbd2 b6 5. e3 Bb7 6. Bd3 Na6 7. c3 c5 8. O-O O-O 9. Qe2 Nc7 10. e4 Rc8 11. a4 cxd4 12. Nxd4 h6 13. Bh4 a6 14. f4 b5 15. axb5 Nxb5 16. Nxb5 axb5 17. Bxf6 Bxf6 18. Bxb5 Rb8 19. Kh1 Qb6 20. e5 Be7 21. c4 Rfd8 22. Ne4 d5 23. exd6 Bxd6 24. Rad1 Bc7 25. c5 Qa5 26. Nc3 Qb4 27. c6 Ba8 28. Ra1 Qc5 29. Rad1 Bxc6 30. Bxc6 Qxc6 31. f5 Rxd1 32. Qxd1 Rxb2 0-1

[Event "8th Amsterdam Summer Open-B 2018"]
[Site "Amsterdam"]
[Date "2018.07.09"]
[Round "3"]
[White "Koeweiden, Bart"]
[Black "Honkoop, Gilian"]
[Result "0-1"]
[ECO "A03"]
[WhiteElo "1781"]
[BlackElo "1941"]
[Annotator "NA"]
[PlyCount "56"]
[EventDate "2018.07.07"]
[EventType "swiss"]
[EventCountry "NED"]
[SourceTitle "playchess.com"]
[Source "ChessBase"]
[SourceQuality "1"]
[TimeControl "40/5400+30:1800+30"]

1. f4 d5 2. Nf3 g6 3. e3 Bg7 4. d4 Nh6 5. Bd3 O-O 6. O-O c5 7. c3 Nc6 8. Nbd2 Qb6 9. Kh1 Bf5 10. Bxf5 Nxf5 11. Qe1 Nd6 12. Ng5 Rae8 13. Qh4 h6 14. Ngf3 e6 15. Ne5 Nf5 16. Qe1 Nxe5 17. fxe5 f6 18. exf6 Bxf6 19. e4 Ne7 20. e5 Bg7 21. Nf3 Nc6 22. Be3 cxd4 23. cxd4 Qxb2 24. Rf2 Qb4 25. Qd1 Rc8 26. a3 Qc3 27. Rc2 Qxe3 28. Rf2 Qc3 0-1

[Event "8th Amsterdam Summer Open-B 2018"]
[Site "Amsterdam"]
[Date "2018.07.09"]
[Round "3"]
[White "Ghebreab, Elnathan"]
[Black "Holwijn, Melvin"]
[Result "*"]
[ECO "C42"]
[WhiteElo "1756"]
[BlackElo "1956"]
[Annotator "NA"]
[PlyCount "118"]
[EventDate "2018.07.07"]
[EventType "swiss"]
[EventCountry "NED"]
[SourceTitle "playchess.com"]
[Source "ChessBase"]
[SourceQuality "1"]
[TimeControl "40/5400+30:1800+30"]

1. e4 e5 2. Nf3 Nf6 3. Nxe5 d6 4. Nf3 Nxe4 5. Nc3 Nf6 6. d4 Be7 7. Bd3 O-O 8. O-O Nc6 9. Re1 d5 10. h3 Nb4 11. Bb5 c6 12. Bf1 Bf5 13. Re2 Ne4 14. a3 Na6 15. g4 Bg6 16. Ne5 Nxc3 17. bxc3 Bd6 18. Bg2 Re8 19. f4 Be4 20. Bxe4 dxe4 21. Qe1 f6 22. Nc4 Qe7 23. Nxd6 Qxd6 24. Rxe4 Nc7 25. Bd2 Rxe4 26. Qxe4 Re8 27. Qf3 Nb5 28. a4 Nxd4 29. Qd3 Ne2+ 30. Kf2 Qe6 31. f5 Qe5 32. Kg2 Nf4+ 33. Bxf4 Qxf4 34. a5 h5 35. Rf1 Qg5 36. Qc4+ Kh7 37. Rf2 hxg4 38. hxg4 Qe3 39. Qd3 Qe4+ 40. Qf3 Qxf3+ 41. Kxf3 Re5 42. a6 bxa6 43. Rf1 Ra5 44. Rh1+ Kg8 45. Rb1 Ra2 46. Rb7 Rxc2 47. Rxa7 Rxc3+ 48. Ke4 Rc4+ 49. Kf3 Rc3+ 50. Kf4 Ra3 51. Rc7 a5 52. Rxc6 Ra4+ 53. Kf3 Rb4 54. Ra6 a4 55. Kg3 Rb3+ 56. Kh4 a3 57. g5 fxg5+ 58. Kxg5 Kh7 59. Ra7 Kg8 *

[Event "8th Amsterdam Summer Open-B 2018"]
[Site "Amsterdam"]
[Date "2018.07.09"]
[Round "3"]
[White "Elisen, Peter"]
[Black "Boom, Harrie"]
[Result "*"]
[ECO "D02"]
[WhiteElo "1598"]
[BlackElo "1665"]
[Annotator "NA"]
[PlyCount "76"]
[EventDate "2018.07.07"]
[EventType "swiss"]
[EventCountry "NED"]
[SourceTitle "playchess.com"]
[Source "ChessBase"]
[SourceQuality "1"]
[TimeControl "40/5400+30:1800+30"]

1. d4 Nf6 2. Bf4 g6 3. Nf3 Bg7 4. c3 d5 5. h3 b6 6. Nbd2 O-O 7. g4 c5 8. Bg2 Nc6 9. O-O Bb7 10. Qb3 cxd4 11. cxd4 Rc8 12. Rfe1 Qd7 13. Rad1 Rfd8 14. Nf1 Ne4 15. e3 Na5 16. Qd3 Nc4 17. Qb1 Qe8 18. Bh2 e6 19. Ng3 Ncd6 20. Nd2 Nxd2 21. Rxd2 Rc6 22. h4 Rcc8 23. h5 g5 24. f4 f6 25. Bf1 Bf8 26. fxg5 fxg5 27. h6 Bxh6 28. Nh5 Qg6 29. Bd3 Ne4 30. Rf2 Rf8 31. Bxe4 dxe4 32. Be5 Rxf2 33. Kxf2 Rf8+ 34. Kg1 Rf3 35. Qc1 Bf8 36. Rf1 Bd5 37. Rxf3 exf3 38. Qc7 Qb1+ *

[Event "8th Amsterdam Summer Open-B 2018"]
[Site "Amsterdam"]
[Date "2018.07.09"]
[Round "3"]
[White "Honkoop, Stella"]
[Black "Sala, Frank"]
[Result "*"]
[ECO "C01"]
[WhiteElo "1507"]
[BlackElo "1654"]
[Annotator "NA"]
[PlyCount "69"]
[EventDate "2018.07.07"]
[EventType "swiss"]
[EventCountry "NED"]
[SourceTitle "playchess.com"]
[Source "ChessBase"]
[SourceQuality "1"]
[TimeControl "40/5400+30:1800+30"]

1. e4 e6 2. Nf3 d5 3. exd5 exd5 4. d4 Bd6 5. Nc3 c6 6. Bd3 Nf6 7. O-O O-O 8. Re1 Bg4 9. h3 Be6 10. Be3 Nbd7 11. Qd2 Re8 12. Bf4 Nf8 13. Be5 Bxe5 14. Nxe5 N6d7 15. Nf3 Qf6 16. Qg5 h6 17. Qxf6 Nxf6 18. Ne5 N6d7 19. f4 Nxe5 20. fxe5 Rac8 21. Rf1 a6 22. Ne2 c5 23. c3 cxd4 24. cxd4 Rc7 25. Rf2 Nd7 26. Raf1 Nb8 27. Rf4 Nc6 28. Bf5 Rec8 29. a3 Ne7 30. Bd3 Nc6 31. R1f3 Na5 32. Kh2 Nc4 33. Bxc4 Rxc4 34. Rc3 b5 35. Rff3 *

[Event "8th Amsterdam Summer Open-B 2018"]
[Site "Amsterdam"]
[Date "2018.07.09"]
[Round "3"]
[White "Spaan, David"]
[Black "Van Duijl, Henri V"]
[Result "*"]
[ECO "B20"]
[WhiteElo "1478"]
[BlackElo "1421"]
[Annotator "NA"]
[PlyCount "66"]
[EventDate "2018.07.07"]
[EventType "swiss"]
[EventCountry "NED"]
[SourceTitle "playchess.com"]
[Source "ChessBase"]
[SourceQuality "1"]
[TimeControl "40/5400+30:1800+30"]

1. e4 c5 2. Nf3 Nc6 3. Bc4 e6 4. Nc3 a6 5. a4 Be7 6. d3 d6 7. Bd2 h6 8. h4 Qc7 9. Bf4 Bd7 10. Qd2 Nf6 11. Nh2 Nd4 12. Ne2 e5 13. Be3 Be6 14. Ba2 Bxa2 15. Rxa2 Ne6 16. f4 exf4 17. Bxf4 Nh5 18. Nf3 Nhxf4 19. Nxf4 Nxf4 20. Qxf4 O-O-O 21. e5 dxe5 22. Nxe5 Bf6 23. Qg4+ Kb8 24. Nc4 Rd4 25. Qf3 Re8+ 26. Kd1 Qe7 27. g3 Qe6 28. Ra1 Qd5 29. Rf1 Qe6 30. Kd2 Qg4 31. Rae1 Rxe1 32. Kxe1 Qe6+ 33. Kd2 Qg4 *

[Event "8th Amsterdam Summer Open-B 2018"]
[Site "Amsterdam"]
[Date "2018.07.09"]
[Round "3"]
[White "Hospes, Peter"]
[Black "Jansma, Dennis"]
[Result "1-0"]
[ECO "C23"]
[WhiteElo "1419"]
[BlackElo "1488"]
[Annotator "NA"]
[PlyCount "73"]
[EventDate "2018.07.07"]
[EventType "swiss"]
[EventCountry "NED"]
[SourceTitle "playchess.com"]
[Source "ChessBase"]
[SourceQuality "1"]
[TimeControl "40/5400+30:1800+30"]

1. e4 e5 2. f4 Nc6 3. Bc4 Bc5 4. Nf3 f5 5. Ng5 exf4 6. Qh5+ g6 7. Bf7+ Kf8 8. Bxg6 hxg6 9. Qxg6 Qf6 10. Nh7+ Rxh7 11. Qxh7 Nd4 12. O-O Nxc2+ 13. Kh1 Nxa1 14. Rxf4 d6 15. Qxc7 Bb6 16. Qc4 Qd4 17. Qf1 Qc5 18. Nc3 Be6 19. exf5 Bc4 20. Rxc4 Qf2 21. Qxf2 Bxf2 22. Nd5 Re8 23. g3 Re1+ 24. Kg2 Bc5 25. h4 Rg1+ 26. Kf3 Rf1+ 27. Ke4 Nh6 28. d4 b5 29. Bxh6+ Kf7 30. Rc3 Re1+ 31. Re3 Rxe3+ 32. Bxe3 Bb6 33. Kd3 Bd8 34. b3 Ba5 35. b4 Bd8 36. Kc3 a5 37. Kb2 1-0